Map: Ascension to Aiur LE

Players

FLORENCIO - Winner!

  • Race: Protoss Protoss
  • League: Diamond
  • Spawn Location: 11:00

llllllllllll

  • Race: Zerg Zerg
  • League: Silver
  • Spawn Location: 5:00

VOD

Have the link to the VOD?

Description

Time

  • Played on: Dec. 31, 2017, 11:21 a.m.
  • Length: 15:57
Show
View Real Time Build Order
Export as new Build Order

FLORENCIO Protoss - Winner!

Build Orders: Cannon Rush 

Get SALT Encoding   

  12  0:00  Probe (Chrono Boost)  
  13  0:13  Probe (Chrono Boost)  
  14  0:21  Pylon  
  14  0:24  Probe (Chrono Boost)  
  15  0:39  Probe  
  15  0:41  Forge  
  16  0:51  Probe  
  17  1:02  Pylon  
  17  1:03  Probe  
  18  1:15  Probe  
  19  1:27  Probe  
  20  1:39  Photon Cannon x2  
  21  1:40  Probe  
  21  1:41  Photon Cannon  
  21  1:46  Photon Cannon  
  21  1:53  Photon Cannon  
  21  1:57  Photon Cannon  
  21  2:06  Photon Cannon  
  21  2:09  Photon Cannon  
  21  2:19  Photon Cannon  
  21  2:42  Photon Cannon  
  21  2:44  Assimilator, Gateway  
  21  2:46  Pylon  
  21  2:47  Probe (Chrono Boost)  
  21  2:48  Assimilator  
  22  2:55  Probe (Chrono Boost)  
  23  3:01  Probe  
  24  3:13  Probe (Chrono Boost)  
  24  3:17  Pylon  
  25  3:24  Probe (Chrono Boost)  
  26  3:32  Cybernetics Core  
  26  3:36  Photon Cannon  
  26  3:39  Photon Cannon  
  26  3:55  Zealot  
  28  4:10  Shield Battery  
  28  4:13  Shield Battery  
  28  4:15  Shield Battery  
  28  4:20  Stargate  
  28  4:33  Robotics Facility  
  28  4:48  Shield Battery  
  28  5:04  Void Ray  
  32  5:08  Pylon  
  32  5:28  Immortal  
  33  5:44  Nexus  
  33  6:07  Immortal  
  33  6:11  Pylon  
  33  6:37  Stargate  
  26  8:38  Immortal  
  22  9:41  Assimilator  
  22  9:45  Assimilator, Gateway  
  22  9:47  Gateway  
  22  9:48  Pylon  
  22  9:51  Shield Battery  
  22  9:52  Pylon  
  22  9:59  Observer (Chrono Boost)  
  23  10:10  Probe (Chrono Boost)  
  24  10:20  Probe (Chrono Boost)  
  25  10:25  Probe (Chrono Boost)  
  26  10:36  Zealot x2  
  26  10:40  Immortal  
  31  10:56  Shield Battery  
  31  11:07  Zealot x2  
  31  12:10  Void Ray  
  31  12:12  Immortal  
  39  12:20  Shield Battery  
  39  12:32  Zealot x2  
  39  12:36  Probe (Chrono Boost)  
  44  12:45  Probe (Chrono Boost)  
  41  13:09  Void Ray  
  41  13:11  Immortal  
  44  13:46  Void Ray  
  48  13:49  Zealot x2  
  52  14:19  Zealot x2  
  56  14:26  Void Ray  
Show
View Real Time Build Order
Export as new Build Order

llllllllllll Zerg 

Build Orders: Hatch First, Roach Nydus 

Get SALT Encoding   

  12  0:00  Drone  
  13  0:12  Overlord  
  13  0:17  Drone  
  14  0:30  Drone x2  
  14  0:35  Drone  
  17  0:52  Hatchery  
  17  0:55  Drone  
  17  1:00  Drone, Extractor  
  17  1:06  Drone  
  18  1:18  Spawning Pool  
  18  1:23  Drone  
  18  1:29  Drone  
  19  1:47  Overlord  
  19  2:10  Zergling x2  
  19  2:11  Zergling x6  
  21  2:20  Zergling x2  
  18  2:36  Queen  
  20  2:37  Drone  
  20  2:38  Drone  
  21  2:44  Drone  
  22  3:00  Drone  
  23  3:13  Lair  
  23  3:16  Extractor  
  22  3:23  Overlord, Evolution Chamber  
  22  3:25  Drone  
  22  3:36  Drone  
  23  3:43  Drone, Roach Warren  
  23  3:44  Drone  
  23  3:46  Drone  
  25  4:04  Overlord  
  25  4:13  Nydus Network  
  24  4:31  Drone  
  25  4:41  Roach x2  
  31  4:45  Roach  
  31  4:47  Roach  
  31  4:48  Roach  
  34  4:59  Roach x2  
  38  5:05  Nydus Canal  
  38  5:18  Roach x2  
  40  5:28  Queen  
  42  5:38  Spore Crawler  
  41  5:52  Spine Crawler  
  40  6:01  Roach x3  
  42  6:33  Roach x2  
  32  7:04  Roach x2  
  32  7:05  Roach  
  26  7:17  Queen  
  26  7:18  Roach  
  27  7:32  Roach  
  22  7:52  Queen  
  22  7:56  Zergling x2  
  23  8:00  Roach x2  
  25  8:17  Roach  
  26  8:26  Ravager x2  
  28  8:34  Roach x2  
  32  8:46  Ravager  
  29  9:11  Roach x3  
  29  9:12  Ravager x2  
  31  9:38  Drone x2  
  30  9:57  Ravager  
  30  9:59  Drone  
  33  10:00  Drone  
  33  10:24  Overlord x2  
  33  10:33  Ravager  
  33  10:34  Ravager  
  31  10:50  Drone  
  31  10:51  Drone x2  
  31  11:18  Hatchery  
  31  11:20  Drone x2  
  31  11:21  Spawning Pool  
  28  11:34  Roach x2  
  31  11:52  Roach  
  29  11:54  Ravager  
  29  11:55  Ravager  
  31  12:15  Ravager  
  32  12:28  Nydus Canal  
  32  13:02  Drone x2  
  34  13:15  Drone  
Tags
 
Add a new tag
Caveats
  • Supply blocks, unpowered buildings, or Contaminate may cause inaccurate times.
  • Supply counts are checked every 10 seconds.